Map: Catalyst LE

Players

Root - Winner!

  • Race: Zerg Zerg
  • League: Platinum
  • Spawn Location: 11:00

Gspot

  • Race: Terran Terran
  • League: Platinum
  • Spawn Location: 5:00

VOD

Have the link to the VOD?

Description

Time

  • Played on: July 22, 2018, 4:07 p.m.
  • Length: 19:38
Show
View Real Time Build Order
Export as new Build Order

Root Zerg - Winner!

Build Orders: Hatch First 

Get SALT Encoding   

  12  0:01  Drone  
  13  0:10  Drone  
  14  0:17  Overlord  
  14  0:37  Drone  
  15  0:47  Hatchery  
  14  0:50  Drone  
  14  0:55  Drone  
  16  1:04  Drone  
  17  1:19  Spawning Pool  
  17  1:21  Drone  
  17  1:37  Extractor  
  16  1:57  Drone x2  
  18  2:06  Queen  
  18  2:07  Queen  
  22  2:09  Zergling x6  
  25  2:16  Drone  
  26  2:38  Hatchery  
  26  2:41  Drone  
  26  2:42  Queen  
  28  2:47  Overlord  
  28  3:08  Zergling x6  
  28  3:09  Zergling x2  
  28  3:10  Drone x2  
  34  3:26  Drone  
  34  3:40  Drone  
  34  3:41  Drone  
  36  3:42  Overlord x2  
  36  3:48  Metabolic Boost  
  36  3:53  Drone  
  36  3:54  Drone x2  
  36  3:55  Drone x3  
  42  4:02  Queen  
  42  4:07  Drone x2  
  46  4:14  Extractor  
  45  4:20  Evolution Chamber  
  45  4:23  Queen  
  46  4:33  Zergling x6  
  46  4:34  Zergling x2  
  46  4:37  Drone  
  46  4:38  Baneling Nest, Drone  
  50  4:41  Drone  
  50  4:42  Drone  
  53  4:53  Drone  
  53  4:54  Drone  
  53  4:58  Zerg Ground Armor Level 1  
  53  4:59  Queen  
  57  5:04  Drone  
  58  5:14  Overlord x2  
  58  5:17  Overlord  
  58  5:44  Queen  
  58  5:48  Drone  
  58  5:49  Drone x3  
  64  5:52  Extractor  
  64  5:53  Overlord x2, Drone  
  64  5:54  Extractor  
  64  5:56  Zergling x8  
  69  5:57  Zergling x12  
  64  6:18  Drone  
  64  6:19  Drone  
  64  6:20  Drone  
  64  6:21  Drone x3  
  70  6:27  Drone x3  
  70  6:28  Drone x3  
  70  6:29  Overlord x2  
  76  6:40  Drone x3  
  76  6:41  Drone  
  80  6:47  Drone  
  80  6:48  Drone  
  80  7:04  Drone x2  
  80  7:05  Drone  
  80  7:07  Drone x4  
  80  7:08  Overlord  
  87  7:12  Drone  
  81  7:20  Lair  
  78  7:39  Drone x3  
  78  7:40  Drone  
  78  7:41  Drone x3  
  85  7:47  Drone x3  
  85  7:50  Zerg Melee Weapons Level 1  
  88  8:06  Queen  
  88  8:17  Zergling x14  
  78  8:31  Zergling x6  
  78  8:32  Zergling x12  
  59  8:43  Zergling x14  
  59  8:44  Drone  
  54  9:03  Drone x5  
  54  9:04  Queen  
  61  9:17  Drone x6  
  63  9:24  Drone x3  
  69  9:26  Drone  
  71  9:35  Roach Warren  
  70  9:39  Drone x3  
  70  9:41  Drone x4  
  74  10:04  Drone x5  
  74  10:05  Drone  
  80  10:28  Drone x5  
  83  10:31  Zergling x14  
  83  10:33  Centrifical Hooks  
  83  10:35  Glial Reconstitution  
  92  10:59  Hatchery  
  92  11:00  Drone  
  92  11:01  Drone  
  92  11:02  Overlord x2  
  93  11:09  Infestation Pit  
  92  11:11  Evolution Chamber  
  92  11:12  Baneling x14  
  92  11:13  Baneling x18  
  91  11:20  Zerg Ground Armor Level 2  
  91  11:27  Extractor  
  91  11:29  Overseer  
  90  11:33  Overseer  
  90  11:38  Roach x5  
  90  11:39  Roach x2  
  81  12:06  Zergling x10  
  81  12:07  Zergling x8  
  89  12:09  Drone  
  89  12:11  Burrow  
  89  12:14  Extractor  
  89  12:20  Zerg Missile Weapons Level 1, Queen  
  91  12:32  Roach x4  
  91  12:33  Roach x4  
  91  12:34  Baneling  
  91  12:36  Baneling  
  91  12:37  Baneling x18  
  107  12:38  Zergling x8  
  111  12:52  Drone x7  
  111  12:53  Drone x2  
  111  12:56  Drone x3  
  111  12:57  Drone  
  111  12:58  Drone  
  125  13:02  Drone  
  126  13:41  Hive  
  127  13:48  Zergling x6  
  127  13:49  Zergling x14  
  127  13:50  Baneling  
  127  13:51  Baneling x7  
  127  13:53  Roach x3  
  127  13:55  Overlord x2  
  142  13:56  Overlord x2  
  142  14:14  Overlord x2, Roach  
  142  14:15  Overlord  
  144  14:22  Extractor  
  144  14:23  Extractor  
  140  14:33  Roach x2  
  140  14:34  Roach x7  
  140  14:35  Baneling  
  140  14:36  Baneling  
  140  14:37  Baneling x15  
  154  14:38  Roach  
  154  14:39  Roach x4  
  164  14:47  Drone x3  
  164  14:48  Drone x3  
  170  15:06  Hatchery, Zergling x8  
  170  15:07  Zergling x4  
  170  15:17  Drone  
  170  15:18  Drone x6  
  177  15:31  Drone  
  178  15:39  Zerg Melee Weapons Level 2, Ultralisk Cavern  
  178  15:40  Zerg Ground Armor Level 3  
  177  15:47  Hydralisk Den  
  176  16:22  Zergling x12  
  176  16:23  Zergling x8  
  139  16:39  Zergling x4  
  134  16:40  Zergling x16  
  134  16:41  Zergling x10  
  146  16:48  Queen  
  148  17:01  Baneling x4  
  146  17:02  Baneling x30  
  146  17:03  Baneling x2  
  146  17:04  Zergling x2, Ultralisk x3  
  146  17:05  Ultralisk x4  
  189  17:09  Spawning Pool  
  189  17:11  Spawning Pool  
  189  17:13  Spire  
  186  17:48  Extractor  
  186  17:50  Extractor  
  184  17:51  Baneling  
  184  17:52  Baneling x15  
  184  17:53  Hydralisk x5  
  184  17:54  Hydralisk x2  
  198  18:23  Pneumatized Carapace  
  198  18:27  Pathogen Glands  
  198  18:35  Overlord x2  
Show
View Real Time Build Order
Export as new Build Order

Gspot Terran 

Build Orders: MMM Bio 

Get SALT Encoding   

  12  0:01  SCV  
  13  0:13  SCV  
  14  0:24  Supply Depot  
  14  0:25  SCV  
  15  0:43  Refinery  
  15  0:46  SCV  
  15  0:48  Barracks  
  16  0:58  SCV  
  17  1:10  SCV  
  18  1:22  SCV  
  19  1:28  Refinery  
  19  1:34  SCV  
  19  1:35  Supply Depot, Reaper  
  21  1:46  SCV  
  22  1:58  SCV  
  23  2:02  Factory  
  23  2:10  SCV  
  23  2:12  Supply Depot  
  23  2:14  Barracks Reactor  
  25  2:22  SCV  
  25  2:40  Orbital Command  
  25  2:49  Command Center  
  25  2:58  Starport  
  25  3:00  Hellion  
  25  3:01  Barracks Tech Lab  
  27  3:37  Starport Reactor  
  27  3:40  Hellion x2  
  30  3:47  Armory  
  30  3:51  Supply Depot  
  30  3:55  Marine  
  31  3:58  Combat Shield  
  31  4:06  Orbital Command  
  31  4:13  Supply Depot, Marine  
  32  4:19  Widow Mine  
  36  4:31  Widow Mine, Medivac  
  36  4:33  Marine  
  36  4:34  Orbital Command  
  39  4:41  Engineering Bay  
  39  5:01  Viking  
  39  5:02  Medivac  
  39  5:07  SCV  
  44  5:10  SCV  
  45  5:17  Stimpack  
  45  5:18  Hellion x2  
  45  5:19  SCV  
  50  5:22  SCV  
  51  5:30  Liberator  
  51  5:31  SCV  
  52  5:39  Hellion  
  52  5:40  Hellion  
  56  5:46  Marauder  
  61  6:01  Hellion x2  
  61  6:34  SCV  
  62  6:40  Supply Depot  
  62  6:46  SCV  
  63  6:58  SCV  
  64  7:03  Supply Depot  
  64  7:10  SCV  
  64  7:14  SCV  
  66  7:19  Hellion x2  
  66  7:21  Marine  
  69  7:23  SCV  
  69  7:24  Concussive Shells  
  69  7:25  Medivac x2  
  69  7:26  SCV  
  69  7:27  Supply Depot  
  75  7:33  Barracks  
  75  7:35  SCV  
  75  7:37  Factory  
  74  7:38  SCV  
  74  7:39  Marine  
  74  7:40  Hellion  
  74  7:41  Hellion  
  80  7:47  SCV  
  81  7:57  Marine  
  82  7:59  SCV  
  82  8:00  Command Center  
  82  8:01  Hellion  
  82  8:02  Hellion  
  87  8:15  Marine  
  88  8:23  Hellion x2  
  90  8:33  Marine  
  73  9:16  Orbital Command  
  73  9:17  Factory Tech Lab  
  73  9:19  Hellion x2  
  73  9:20  Barracks Reactor  
  73  9:21  Marine  
  78  9:38  SCV  
  79  9:39  Marine  
  79  9:40  Hellion  
  79  9:41  Infernal Pre-Igniter, Hellion  
  79  9:44  Terran Infantry Weapons Level 1  
  79  9:45  Terran Vehicle Weapons Level 1  
  84  9:50  SCV  
  85  9:57  Marine  
  86  10:02  SCV, Hellion x2  
  91  10:08  Refinery  
  91  10:09  Refinery  
  91  10:11  Orbital Command  
  91  10:14  SCV  
  91  10:15  Marine  
  91  10:18  Liberator  
  91  10:19  Liberator  
  90  10:26  SCV  
  91  10:32  Hellion x2  
  91  10:33  Marine  
  96  10:36  Marine x2  
  104  10:50  SCV x3  
  104  10:54  Hellion  
  109  11:00  Smart Servos  
  109  11:08  Supply Depot  
  109  11:09  Supply Depot  
  109  11:30  SCV x3, Marine x2, Hellion x2  
  109  11:32  Supply Depot  
  118  11:33  Supply Depot  
  118  11:38  Terran Infantry Armor Level 1  
  118  11:39  Terran Vehicle And Ship Armor Level 1  
  118  11:42  SCV x2  
  120  11:47  Marine x2  
  120  11:51  Hellion  
  120  11:53  Hellion  
  126  11:54  SCV  
  126  11:56  Supply Depot x2  
  84  12:05  Marine x2  
  84  12:06  SCV  
  84  12:13  Refinery, SCV x2, Hellion  
  88  12:18  Refinery, SCV  
  88  12:20  Supply Depot, Marine  
  88  12:22  Siege Tank  
  93  12:23  Marine x2, Hellion  
  93  12:25  SCV x2  
  99  12:33  Liberator  
  99  12:34  Barracks, Liberator, Hellion  
  101  12:37  Marine  
  101  12:41  Supply Depot, Marine x2  
  104  12:45  Hellion  
  112  12:54  Siege Tank  
  112  12:55  Marine  
  112  12:56  Hellion  
  118  12:59  Marine x2  
  118  13:03  Supply Depot, SCV  
  121  13:06  Hellion  
  123  13:13  Marine  
  123  13:16  Marine x2, Liberator x2  
  123  13:17  Hellion  
  128  13:23  Barracks Reactor  
  128  13:25  Supply Depot  
  128  13:26  Siege Tank  
  131  13:28  Hellion  
  131  13:31  Marine  
  131  13:32  Terran Infantry Weapons Level 2  
  131  13:34  Marine x2, Terran Ship Weapons Level 1  
  140  13:38  Hellion  
  144  13:47  Supply Depot  
  144  13:49  Marine, Hellion  
  144  13:52  Marine x2  
  149  13:58  Siege Tank  
  149  14:00  Hellion  
  154  14:06  Marine  
  155  14:10  Marine x2, Hellion  
  159  14:21  Hellion  
  161  14:24  Marine  
  161  14:28  Marine x2  
  158  14:32  Hellion  
  152  14:43  Hellion  
  154  14:54  Marine  
  154  14:55  Marine x4  
  154  14:58  Siege Tank  
  154  14:59  Hellion  
  164  15:01  Medivac x2  
  164  15:04  Hellion  
  170  15:12  Marine  
  170  15:13  Marine x4  
  173  15:21  Hellion  
  173  15:25  Hellion  
  173  15:27  Terran Vehicle Weapons Level 2  
  173  15:30  Siege Tank, Marine x4  
  173  15:31  Marine  
  173  15:35  Medivac x2  
  185  15:42  Hellion  
  187  15:47  Hellion  
  187  15:48  Terran Infantry Armor Level 2, Marine x5  
  194  15:51  Command Center  
  194  16:03  Siege Tank  
  197  16:14  Marine x3  
  197  16:22  Marine x2, Hellion x2  
  135  16:28  Orbital Command  
  106  16:35  Siege Tank  
  101  16:43  Hellion x2  
  102  16:56  Marauder  
  102  16:57  Marine  
  102  16:58  Marine x3  
  104  17:15  Marine  
  104  17:16  Refinery, Marine x3  
  104  17:18  Marauder, Refinery  
  104  17:20  Planetary Fortress  
  110  17:32  Siege Tank  
  110  17:33  Marine x4  
  117  17:39  Marauder  
  119  17:51  Marine x4  
  123  18:00  Marauder  
  123  18:04  Siege Tank  
  128  18:08  Refinery, Marine  
  128  18:09  Refinery, Marine x3  
  132  18:22  Marauder  
  132  18:26  Marine  
  135  18:27  Marine x3  
  138  18:43  Marauder  
  138  18:44  Marine  
  138  18:45  Marine x3  
  144  18:48  Siege Tank  
  144  18:50  Hellion  
  144  18:51  Hellion  
  151  18:58  Orbital Command  
  151  19:02  Marine  
  152  19:04  Marauder  
  154  19:12  Hellion x2  
Tags
 
Composition
MMM Bio
Matchup
TvZ
Spawn Locations
Cross Positions
Add a new tag
Caveats
  • Supply blocks, unpowered buildings, or Contaminate may cause inaccurate times.
  • Supply counts are checked every 10 seconds.